 Dungeon Crawl Stone Soup version 0.28-a0-1212-gc6b4282bc0 (webtiles) character file.

Game seed: 7387225739955688445

10434 GordonOverkill the Severer (level 11, -6/99 HPs)
             Began as a Minotaur Cinder Acolyte on Dec 21, 2021.
             Was a Believer of Ignis.
             Mangled by an orc knight (26 damage)
             ... on level 11 of the Dungeon.
             The game lasted 00:23:12 (12600 turns).

GordonOverkill the Severer (MiCA)                  Turns: 12600, Time: 00:23:13

Health: -6/99      AC: 20    Str: 23    XL:     11   Next: 36%
Magic:  11/11      EV:  3    Int: 11    God:    Ignis [**....]
Gold:   169        SH: 14    Dex:  6    Spells: 12/12 levels left

rFire   + + .      SeeInvis +   a - +0 hand axe (flame)
rCold   . . .      Faith    .   j - +0 tower shield
rNeg    . . .      Spirit   .   w - +2 plate armour {Will+}
rPois   .          Reflect  .   (helmet restricted)
rElec   .          Harm     .   G - +2 cloak
rCorr   .          Rampage  .   b - +2 pair of gloves
Will    +....                   (no boots)
Stlth   ..........              e - amulet of regeneration
HPRegen 1.06/turn               g - ring of see invisible
MPRegen 0.12/turn               B - ring of protection from fire

@: about to teleport
A: horns 2, retaliatory headbutt
a: Renounce Religion, Fiery Armour, Foxfire Swarm, Rising Flame


You were on level 11 of the Dungeon.
You worshipped Ignis.
Ignis was pleased with you.
You visited 1 branch of the dungeon, and saw 11 of its levels.
You also visited: Ossuary.

You collected 736 gold pieces.
You spent 567 gold pieces at shops.

Inventory:

Hand Weapons
 a - a +0 hand axe of flaming (weapon)
 s - a +1 whip of venom
 u - a +0 war axe
 v - a +1 whip of electrocution
Missiles
 q - 4 javelins (quivered)
 t - 71 poisoned darts
 z - a curare-tipped dart
Armour
 b - a +2 pair of gloves (worn)
 j - a +0 tower shield (worn)
 w - a +2 plate armour of willpower (worn)
 G - a +2 cloak (worn)
Jewellery
 e - an amulet of regeneration (around neck)
 g - a ring of see invisible (left hand)
 B - a ring of protection from fire (right hand)
Wands
 y - a wand of flame (27)
 C - a wand of paralysis (1)
Scrolls
 k - 2 scrolls of magic mapping
 m - 4 scrolls of immolation
 r - 2 scrolls of holy word
 A - 5 scrolls of teleportation
 F - a scroll of enchant weapon
Potions
 c - a potion of haste
 d - 2 potions of flight
 h - a potion of might {unknown}
 i - 2 potions of cancellation
 l - a potion of invisibility {unknown}
 n - 3 potions of mutation
 o - 4 potions of curing
 p - 3 potions of lignification
 x - a potion of brilliance {unknown}
 D - a potion of resistance


   Skills:
 - Level 10.0 Fighting
 * Level 15.2 Axes
 - Level 3.0 Throwing
 - Level 5.0 Armour
 - Level 10.0 Shields
 - Level 1.0 Spellcasting
 - Level 2.1 Fire Magic
 + Level 2.4 Evocations


You had 12 spell levels left.
You didn't know any spells.
Your spell library contained the following spells:

 Spells                   Type           Power      Damage    Failure   Level
 Sting                    Tmut/Pois      0%         1d3       100%        1
 Poisonous Vapours        Pois/Air       0%         N/A       100%        2
 Scorch                   Fire           10%        2d5       100%        2
 Static Discharge         Conj/Air       0%         N/A       100%        2
 Conjure Flame            Conj/Fire      2%         6-21      100%        3
 Ignite Poison            Fire/Tmut/Pois 2%         N/A       100%        3
 Dispel Undead            Necr           0%         3d6       100%        4
 Olgreb's Toxic Radiance  Pois           0%         N/A       100%        4
 Sticky Flame             Conj/Fire      2%         2d3       100%        4


Dungeon Overview and Level Annotations

Branches:
Dungeon (11/15)            Temple (0/1) D:4            Lair (0/6) D:10
    Orc (0/2) D:9         Ossuary (visited)

Altars:
Sif Muna
Xom

Shops:
D:3 :   D:6 !   D:8 *   D:10 *


Innate Abilities, Weirdness & Mutations

You have a pair of horns on your head.
You reflexively headbutt those who attack you in melee.


Message History

* * * LOW HITPOINT WARNING * * *
You barely miss the orc knight.
The orc knight is lightly wounded.
The orc knight hits you with a +1 glaive of freezing!
* * * LOW HITPOINT WARNING * * *
The orc knight freezes you.
* * * LOW HITPOINT WARNING * * *
You block the orc knight's attack.
Aiming: Paralyse
Press: ? - help, Shift-Dir - straight line, f - orc knight
Aim: an orc knight, wielding a +1 glaive of freezing and wearing a +0 chain mail (lightly wounded, fast, chance to affect: 35%)
The orc knight easily resists.
You block the orc knight's attack.
You don't have any such object.
Evoke which item? (* to show all) (? for menu, Esc to quit)
You don't have any such object.
Evoke which item? (* to show all) (? for menu, Esc to quit)
Okay, then.
That's the wrong kind of item! (Use * to select it.) Evoke which item? (* to show all) (? for menu, Esc to quit)
Okay, then.
Aiming: Paralyse
Press: ? - help, Shift-Dir - straight line, f/p - orc knight
Aim: an orc knight, wielding a +1 glaive of freezing and wearing a +0 chain mail (lightly wounded, fast, chance to affect: 35%)
The orc knight easily resists.
The orc knight completely misses you. You furiously retaliate!
You headbutt the orc knight, but do no damage.
The orc knight hits you with a +1 glaive of freezing!!
* * * LOW HITPOINT WARNING * * *
The orc knight freezes you!
* * * LOW HITPOINT WARNING * * *
Okay, then.
You feel much better. The orc knight completely misses you.
As you read the scroll of teleportation, it crumbles to dust.
You feel strangely unstable. The orc knight barely misses you.
The orc knight hits you with a +1 glaive of freezing!
* * * LOW HITPOINT WARNING * * *
The orc knight freezes you.
* * * LOW HITPOINT WARNING * * *
The orc knight hits you from afar with a +1 glaive of freezing!!
You die...

## ###.# ###...##
###......#
#..o..#..#
###..###...#
###.'..@# ..#
###...##..# ..o#
#......#..... #'#
###..#..##...##
..
####.#......#.###
#....##...#####
#.##..#.#'#.#
####.)...###..)##
#.....##...##...#


You could see an orc knight (fast).

Vanquished Creatures
  Erolcha (D:11)
  A manticore (D:11)
  Maurice (D:10)
  A komodo dragon (D:11)
  A kobold demonologist (D:11)
  2 trolls
  5 slime creatures
  2 shadows
  22 yaks
  A wraith (D:9)
  A basilisk (D:11)
  4 vampire mosquitoes
  An acid dragon (D:9)
  4 orc warriors
  3 ice beasts
  2 black bears
  4 sky beasts
  4 centaurs
  A phantom (D:4)
  3 kobold brigands
  A scorpion (D:5)
  2 bullfrogs
  2 wyvern zombies
  2 wyvern skeletons
  A water moccasin skeleton (D:7)
  A howler monkey (D:11)
  An electric eel (D:9)
  2 bullfrog zombies
  A centaur zombie (D:10)
  4 orc priests
  A hound (D:7)
  3 iguanas
  5 orc wizards
  8 mummies (Ossuary)
  4 adders
  4 gnolls (D:2)
  2 ufetubi (D:5)
  2 worms
  A dart slug (D:2)
  20 orcs
  12 ball pythons
  10 bats
  6 endoplasms
  A gnoll zombie (Ossuary)
  5 goblins
  3 hobgoblins
  8 jackals
  18 kobolds
  2 quokkas
  4 hobgoblin zombies (Ossuary)
  A kobold zombie (Ossuary)
  2 orc zombies (Ossuary)
  4 rats (D:1)
207 creatures vanquished.

Vanquished Creatures (others)
  63 foxfires
  19 plants (D:2)
82 creatures vanquished.

Grand Total: 289 creatures vanquished

Notes
Turn   | Place    | Note
-------+----------+-------------------------------------------
     0 | D:1      | GordonOverkill the Minotaur Cinder Acolyte began the quest
                  | for the Orb.
     0 | D:1      | Reached XP level 1. HP: 19/19 MP: 1/1
   106 | D:1      | Reached skill level 4 in Axes
   416 | D:1      | Reached XP level 2. HP: 25/27 MP: 2/2
   879 | D:1      | Found a faded altar of an unknown god.
  2273 | D:1      | Reached XP level 3. HP: 30/33 MP: 3/3
  2298 | D:2      | Reached skill level 1 in Shields
  2690 | D:2      | Found a shimmering altar of Xom.
  3353 | D:2      | Reached skill level 5 in Axes
  3527 | D:2      | Reached XP level 4. HP: 34/41 MP: 4/4
  3642 | D:2      | Reached skill level 1 in Armour
  3916 | D:3      | Found Athiof's Book Shoppe.
  4324 | D:4      | Noticed a centaur
  4331 | D:4      | Killed a centaur
  4332 | D:4      | Reached XP level 5. HP: 35/47 MP: 5/5
  4382 | D:4      | Reached skill level 1 in Throwing
  4462 | D:4      | Found a sand-covered staircase.
  4467 | Ossuary  | Entered an ossuary
  4630 | Ossuary  | Reached skill level 6 in Axes
  4638 | Ossuary  | Reached XP level 6. HP: 32/55 MP: 6/6
  4942 | Ossuary  | Reached skill level 5 in Fighting
  5866 | D:4      | Found a staircase to the Ecumenical Temple.
  6360 | D:5      | Entered Level 5 of the Dungeon
  6451 | D:5      | Reached XP level 7. HP: 55/61 MP: 7/7
  6560 | D:5      | Reached skill level 7 in Axes
  7375 | D:6      | Reached XP level 8. HP: 70/70 MP: 8/8
  7492 | D:6      | Found Vocrebb's Distillery.
  7649 | D:6      | Reached skill level 8 in Axes
  7906 | D:6      | Reached skill level 5 in Shields
  8000 | D:6      | Reached skill level 9 in Axes
  8000 | D:6      | Reached skill level 5 in Armour
  8183 | D:6      | Bought a potion of heal wounds for 70 gold pieces
  8183 | D:6      | Bought 2 potions of curing for 84 gold pieces
  8183 | D:6      | Bought a potion of curing for 42 gold pieces
  8183 | D:6      | Bought a potion of cancellation for 112 gold pieces
  8183 | D:6      | Bought a potion of degeneration for 14 gold pieces
  8183 | D:6      | Bought a potion of attraction for 42 gold pieces
  8912 | D:7      | Reached XP level 9. HP: 55/79 MP: 9/9
  9141 | D:7      | Reached skill level 10 in Axes
  9706 | D:8      | Found a shimmering blue altar of Sif Muna.
  9745 | D:8      | Reached skill level 11 in Axes
  9757 | D:8      | Identified the +1 scale mail of Xosenifi {Int-3 Dex+6}
  9799 | D:8      | Found Osinnyd's General Store.
  9806 | D:8      | Bought a scroll of magic mapping for 49 gold pieces
  9806 | D:8      | Bought a scroll of torment for 105 gold pieces
 10180 | D:8      | Reached XP level 10. HP: 90/90 MP: 10/10
 10188 | D:8      | Reached skill level 12 in Axes
 10204 | D:9      | Found a staircase to the Orcish Mines.
 10455 | D:9      | Identified the +3 whip "Faehaleh" {holy, *Slow rPois Dex+8
                  | SInv}
 11123 | D:10     | Entered Level 10 of the Dungeon
 11200 | D:10     | Reached skill level 13 in Axes
 11416 | D:10     | Reached skill level 10 in Fighting
 11565 | D:9      | Reached skill level 14 in Axes
 11621 | D:10     | Found Cunod's Neck Hole.
 11628 | D:10     | Bought a +0 cloak for 49 gold pieces
 11687 | D:10     | Reached XP level 11. HP: 96/99 MP: 11/11
 11795 | D:10     | Found a staircase to the Lair.
 11870 | D:10     | Noticed Maurice
 11884 | D:10     | Killed Maurice
 12183 | D:11     | Reached skill level 10 in Shields
 12217 | D:11     | Noticed Erolcha
 12222 | D:11     | Killed Erolcha
 12223 | D:11     | Reached skill level 1 in Evocations
 12478 | D:11     | Reached skill level 15 in Axes
 12579 | D:11     | Noticed an orc knight
 12600 | D:11     | Mangled by an orc knight

Illustrated notes

Levels and vault maps discovered:
D:1:      dpeg_arrival_leaves_temple_mockup, layout_basic,
          hellmonk_ecumenical_altar_pennies_from_heaven
D:2:      layout_loops_ring, basic_altar, serial_bayou, serial_bayou_ford_a,
          serial_bayou_crossing, serial_bayou_shore_a, serial_bayou_lake_a,
          grunt_ministairs_13, ebering_dispersal_statue_hall,
          kennysheep_generic_room_13
D:3:      layout_basic, serial_shops, shop
D:4:      layout_basic, lemuel_temple_firewalk_b, enter_ossuary_2
D:5:      layout_loops_ring
D:6:      layout_layer_cave, serial_shops, nicolae_shop_waterfront
D:7:      layout_basic
D:8:      layout_cave_pools, led_sif_pool, serial_shops, nicolae_shop_stone
D:9:      layout_basic, david_orc_3, nicolae_water_bricks
D:10:     layout_big_octagon, nicolae_shop_sticking_my_neck_out, uniq_maurice
D:11:     minmay_slanted_spiral_squares, layout_loops_ring, trog_hazing_becter,
          uniq_erolcha

Skill      XL: |  1  2  3  4  5  6  7  8  9 10 11 |
---------------+----------------------------------+-----
Axes           | 4 5 6 7 9 11 14 15 | 15.2
Fighting       | 4 5 7 8 10 | 10.0
Shields        | 1 2 3 4 6 7 9 10 | 10.0
Armour         | 1 2 3 5 |  5.0
Throwing       | 1 2 3 |  3.0
Evocations     | 2 |  2.4
Spellcasting   | |  1.0
Fire Magic     | |  2.1

Action                   |  1- 3 |  4- 6 |  7- 9 | 10-12 || total
-------------------------+-------+-------+-------+-------++-------
Melee: Hand axe          |   138 |   150 |   414 |   341 ||  1043
       Headbutt          |    10 |    24 |    55 |    62 ||   151
Throw: Javelin           |       |     1 |     9 |       ||    10
       Dart              |       |     2 |     1 |       ||     3
Invok: Foxfire Swarm     |       |     3 |       |     2 ||     5
Evoke: Wand              |       |       |       |     8 ||     8
  Use: Scroll            |       |    12 |     2 |     2 ||    16
       Potion            |       |     3 |     3 |     1 ||     7
Armor: Robe              |    41 |       |       |       ||    41
       Chain mail        |    34 |    98 |   226 |       ||   358
       Plate armour      |       |       |    30 |   156 ||   186
Dodge: Dodged            |    51 |    11 |    59 |    41 ||   162
Block: Tower shield      |    74 |    81 |   263 |   246 ||   664

Table legend: (Time is in decaauts)
 A = Elapsed time spent in this place.
 B = Non-inter-level travel time spent in this place.
 C = Inter-level travel time spent in this place.
 D = Time resting spent in this place.
 E = Time spent auto-exploring this place.
 F = Levels seen in this place.
 G = Mean time per level.
                   A        B        C        D        E       F      G
               +--------+--------+--------+--------+--------+-----+--------+
         Total |  12978 |  12304 |    674 |   3219 |   6141 |  12 | 1081.5 |
       Dungeon |  12135 |  11461 |    674 |   2677 |   6039 |  11 | 1103.2 |
       Ossuary |    843 |    843 |      0 |    542 |    102 |   1 |  843.0 |
               +--------+--------+--------+--------+--------+-----+--------+

Top non-repeatable levels by time:
     D:1: 2180 daAuts
     D:2: 1686 daAuts
     D:6: 1392 daAuts
     D:4: 1264 daAuts
     D:5: 1192 daAuts
     D:9: 1083 daAuts
    D:10: 960 daAuts
 Ossuary: 843 daAuts
     D:8: 681 daAuts
     D:7: 633 daAuts
     D:3: 631 daAuts
    D:11: 430 daAuts
